 Seeded DCSS version 0.31-a0-4-gefa6de2278 (webtiles) character file.

Game seed: 11647377017555837085 (custom seed)

147368 voltaire321 the Nimble (level 17, -13/133 HPs)
             Began as a Merfolk Venom Mage on May 4, 2023.
             Was an Initiate of Gozag.
             Killed from afar by a thorn hunter (18 damage)
             ... with a volley of thorns
             ... on level 4 of the Swamp.
             The game lasted 01:55:28 (32818 turns).

voltaire321 the Nimble (Merfolk Venom Mage)        Turns: 32818, Time: 01:55:29

Health: -13/133    AC: 29    Str: 13    XL:     17   Next: 46%
Magic:  40/40      EV: 18    Int: 26    God:    Gozag
Gold:   6697       SH: 14    Dex: 29    Spells: 14/36 levels left

rFire   . . .        i - +9 staff of Olgreb {rPois∞}
rCold   . . .        a - +0 kite shield {AC+3}
rNeg    . . .        Y - +8 chain mail of Buegin {Int+6 Dex+3}
rPois   ∞            D - +2 helmet
rElec   +            J - scarf of Ughetsa {+Inv, rElec Dex+3}
rCorr   .            S - +0 pair of gloves of the Sea {Rampage Dex+6 Slay+5}
SInv    .            e - +2 pair of boots {Fly}
Will    +....        q - amulet of regeneration
Stlth   +            g - ring "Kacim" {Wiz rPois Int+5}
HPRegen 1.22/turn    P - ring of magical power
MPRegen 0.27/turn

%: rampage, wizardry (x1)
@: flying, very quick
A: nimble swimmer 2, mertail
a: Renounce Religion, Evoke Invisibility, Evoke the Staff of Olgreb, Potion
Petition, Call Merchant, Bribe Branch


You were on level 4 of the Swamp.
You worshipped Gozag.
Gozag was greatly pleased with you.
You visited 6 branches of the dungeon, and saw 28 of its levels.

You collected 8495 gold pieces.
You spent 496 gold pieces at shops.
You paid 1302 gold pieces to Gozag.

Inventory:

Hand Weapons
 i - the +9 staff of Olgreb (weapon) {rPois∞}
   (You found it on level 6 of the Dungeon)

   It enhances your poison magic.
   It grants immunity to poison.
   It can be activated via the 'a'bility menu to radiate toxic energy, with
   effectiveness depending on Evocations skill.
 x - a +3 spear of electrocution
Missiles
 p - 11 curare-tipped darts
 L - a throwing net
Armour
 a - a +0 kite shield of protection (worn)
 e - a +2 pair of boots of flying (worn)
 D - a +2 helmet (worn)
 J - the scarf of Ughetsa (worn) {+Inv, rElec Dex+3}
   (You found it on level 6 of the Dungeon)

   Dex:       It affects your dexterity (+3).
   rElec:     It insulates you from electricity.
 S - the +0 pair of gloves of the Sea (worn) {Rampage Dex+6 Slay+5}
   (You bought it in a shop on level 9 of the Dungeon)

   Dex:       It affects your dexterity (+6).
   Slay:      It affects your accuracy & damage with ranged weapons and melee
   (+5).
   Rampage:   It bestows one free step when moving towards enemies.
 Y - the +8 chain mail of Buegin (worn) {Int+6 Dex+3}
   (You found it on level 4 of the Lair of Beasts)

   Int:       It affects your intelligence (+6).
   Dex:       It affects your dexterity (+3).
Magical Staves
 R - the staff of fire "Utau" {rF+ rC+ rN++ MP+9 Dex-2}
   (You found it on level 9 of the Dungeon)

   [staff of fire]

   Base accuracy: +5 Base damage: 5 Base attack delay: 1.2 This weapon's minimum
   attack delay (0.6) is reached at skill level 12.
   Dex:       It affects your dexterity (-2).
   rF:        It protects you from fire.
   rC:        It protects you from cold.
   rN:        It greatly protects you from negative energy.
   MP:        It affects your magic capacity (+9).
   It falls into the 'Staves' category.
   It is a one-handed weapon.
Jewellery
 g - the ring "Kacim" (left hand) {Wiz rPois Int+5}
   (You found it on level 2 of the Lair of Beasts)

   [ring of wizardry]

   It improves your spell success rate.
   Int:       It affects your intelligence (+5).
   rPois:     It protects you from poison.
 j - the ring of Irrepressible Laughter {rCorr Int+4}
   (You found it on level 11 of the Dungeon)

   [ring of resist corrosion]

   Int:       It affects your intelligence (+4).
   rCorr:     It protects you from acid and corrosion.
 q - an amulet of regeneration (around neck)
 r - a ring of protection from fire
 G - a ring of see invisible
 I - an amulet of the acrobat
 P - a ring of magical power (right hand)
 Z - the ring "Nugegal" {Will+ rCorr}
   (You found it on level 11 of the Dungeon)

   [ring of willpower]

   rCorr:     It protects you from acid and corrosion.
   Will:      It increases your willpower.
Wands
 l - a wand of digging (8)
 m - a wand of mindburst (6)
 t - a wand of charming (28)
 y - a wand of polymorph (10)
 B - a wand of flame (57)
 K - a wand of iceblast (8)
 T - a wand of quicksilver (8)
Scrolls
 c - 3 scrolls of magic mapping
 d - a scroll of blinking
 E - 3 scrolls of poison
 M - 13 scrolls of identify
 O - 3 scrolls of fog
 U - 4 scrolls of amnesia
 V - 3 scrolls of enchant armour
 W - a scroll of enchant weapon
Potions
 b - 2 potions of magic
 f - 3 potions of flight
 k - a potion of heal wounds
 n - 5 potions of lignification
 o - 10 potions of curing
 s - 4 potions of haste
 u - 2 potions of berserk rage
 v - 5 potions of invisibility
 w - 2 potions of ambrosia
 z - 2 potions of resistance
 A - 4 potions of might
 C - 3 potions of cancellation
 F - a potion of brilliance
 H - 4 potions of mutation
Miscellaneous
 h - a phantom mirror


   Skills:
 + Level 11.8 Fighting
 - Level 6.0(8.1) Polearms
 + Level 5.3(5.9) Staves
 + Level 6.9 Armour
 - Level 14.0 Dodging
 - Level 2.6 Stealth
 + Level 8.5 Shields
 + Level 10.3 Spellcasting
 - Level 6.0 Conjurations
 + Level 11.7 Summonings
 - Level 2.0 Transmutations
 - Level 6.0 Earth Magic
 - Level 10.0 Poison Magic
 + Level 9.7 Evocations


You had 14 spell levels left.
You knew the following spells:

 Your Spells              Type           Power      Damage    Failure   Level
a - Monstrous Menagerie   Summ           32%        N/A       99%         7
b - Call Imp              Summ           100%       N/A       1%          2
c - Olgreb's Toxic Radia  Pois           78%        N/A       12%         4
d - Poisonous Vapours     Pois/Air       100%       N/A       14%         2
e - Stone Arrow           Conj/Erth      88%        3d12      17%         3
f - Animate Armour        Summ/Erth      100%       N/A       17%         4

Your spell library contained the following spells:

 Spells                   Type           Power      Damage    Failure   Level
 Magic Dart               Conj           100%       1d8       6%          1
 Sting                    Tmut/Pois      100%       1d8       6%          1
 Spider Form              Tmut/Pois      61%        N/A       17%         3
 Kiss of Death            Conj/Necr      100%       2d13      21%         1
 Shock                    Conj/Air       100%       1d9       21%         1
 Mephitic Cloud           Conj/Pois/Air  57%        N/A       24%         3
 Cigotuvi's Dreadful Rot  Necr/Pois/Air  92%        N/A       26%         2
 Beastly Appendage        Tmut           46%        N/A       30%         1
 Ignite Poison            Fire/Tmut/Pois 50%        N/A       38%         3
 Wereblood                Tmut           23%        N/A       41%         2
 Summon Ice Beast         Ice/Summ       43%        N/A       50%         4
 Lesser Beckoning         Tloc           26%        N/A       69%         2
 Summon Mana Viper        Hex/Summ       43%        N/A       83%         5
 Confusing Touch          Hex            13%        N/A       88%         3
 Gell's Gravitas          Tloc           13%        N/A       88%         3
 Swiftness                Air            13%        N/A       88%         3
 Teleport Other           Tloc           13%        N/A       88%         3
 Airstrike                Air            6%         2d(1-17)  99%         4
 Anguish                  Hex/Necr       6%         N/A       99%         4
 Dispel Undead            Necr           13%        3d9       99%         4
 Freezing Cloud           Conj/Ice/Air   11%        6-21      100%        5
 Dispersal                Tloc           6%         N/A       100%        6
 Enfeeble                 Hex            6%         N/A       100%        7
 Lehudib's Crystal Spear  Conj/Erth      22%        10d6      100%        8
 Chain Lightning          Conj/Air       14%        3d19      100%        9
 Fire Storm               Conj/Fire      14%        8d4       100%        9
 Shatter                  Erth           22%        3d19*     100%        9


Dungeon Overview and Level Annotations

Branches:
Dungeon (15/15)            Temple (1/1) D:7            Lair (5/5) D:11
  Swamp (4/4) Lair:2       Spider (1/4) Lair:3        Slime (0/5) Lair:4
    Orc (2/2) D:10            Elf (0/3) Orc:2        Vaults (0/5) D:14
 Depths: D:15

Altars:
Ashenzari
Cheibriados
Dithmenos
Elyvilon
Fedhas
Gozag
Hepliaklqana
Kikubaaqudgha
Makhleb
Nemelex Xobeh
Okawaru
Qazlal
Ru
Sif Muna
Trog
Uskayaw
Vehumet
Wu Jian
Xom
Yredelemnul
Zin
The Shining One
Jiyva

Shops:
D:8 :   D:9 [   D:10 !   Orc:2 :[!!   Lair:4 *

Annotations:
D:4 1 runed translucent door, Darkkill's ghost, novice MiHu
D:6 1 runed translucent door
D:10 2 runed translucent doors, exclusion: orange crystal statue
Lair:1 Gastronok
Lair:5 exclusion: obsidian statue
Swamp:1 3 runed translucent doors, Mecath's ghost, journeyman SpDe


Innate Abilities, Weirdness & Mutations

You are very nimble when in or above water. (Stealth+, EV+, Speed+++)
Your lower body shifts to a powerful aquatic tail in water.


Message History

The swamp worm closely misses you. You block the swamp worm's attack.
The thorn hunter gestures.
The thorn hunter closely misses you. You block the thorn hunter's attack.
The swamp worm bites you but does no damage.
The swamp worm is distracted by your dazzling golden aura.
You thump the thorn hunter!
You envenom the thorn hunter!
The thorn hunter looks as sick as possible!
The thorn hunter is severely damaged.
The thorn hunter hits you. You block the thorn hunter's attack.
The swamp worm barely misses you.
You sock the thorn hunter!
You envenom the thorn hunter.
The thorn hunter looks as sick as possible!
The thorn hunter is almost destroyed.
The thorn hunter fires a volley of thorns at you.
The volley of thorns hits you! You block the swamp worm's attack.
The bunyip claws you!
* * * LOW HITPOINT WARNING * * *
The bunyip claws you.
* * * LOW HITPOINT WARNING * * *
The bunyip misses you.
You barely miss the thorn hunter.
The thorn hunter is almost destroyed.
The thorn hunter fires a volley of thorns at you.
The volley of thorns hits you!!
* * * LOW HITPOINT WARNING * * *
The swamp worm bites you but does no damage.
The thorn hunter fires a volley of thorns at you.
The volley of thorns misses you.
You feel much better. The swamp worm bites you.
* * * LOW HITPOINT WARNING * * *
The thorn hunter fires a volley of thorns at you.
The volley of thorns hits you!!
* * * LOW HITPOINT WARNING * * *
The swamp worm bites you but does no damage.
Found 2 potions of brilliance.
The swamp worm is no longer distracted by gold.
The thorn hunter fires a volley of thorns at you.
The volley of thorns hits you!!
You die...
Your body crumbles into a pile of gold.

~.~~♣♣.
~§~.~~~~~~~~~.
♣♣PPPP♣.~P~~~~.
♣.PPPP♣~P~~~~~?
♣~§~....~~~~~..
♣♣~~~~.♣.§~~~~~.
♣~.~~~~♣..~~~~.~
♣♣..~~@....~~~~.
♣~~~~x~~<♣!~~§
♣.§~~wfw.♣ ~
~.....~~~♣♣
~.....~.♣♣
.~~.♣♣.~♣ .~.♣
~.~~ ♣♣♣ ♣♣♣.~
♣~~


You could see a thorn hunter (extremely poisoned), a bunyip (poisoned) and 2
swamp worms.

Vanquished Creatures
  Jorgrun (Orc:1)
  Rupert (D:13)
  A ghoul (Swamp:2)
  2 eleionomae
  2 dire elephants (Lair:5)
  2 bunyips (Swamp:3)
  2 shambling mangroves (Swamp:2)
  4 vault guards (D:14)
  Erolcha (Orc:2)
  7 hydras
  A jorogumo (Spider:1)
  A rakshasa (D:13)
  3 ogre magi
  7 two-headed ogres
  5 centaur warriors
  2 ghost crabs (Swamp:3)
  5 alligators
  5 boulder beetles
  A tengu warrior (D:10)
  Urug (Lair:1)
  4 death yaks
  4 spriggans
  Sonja (Lair:4)
  Nergalle (Lair:3)
  A spectral death yak (Lair:5)
  4 goliath frogs
  A skyshark (Lair:4)
  7 bog bodies
  A spriggan druid (Swamp:2)
  2 swamp dragons
  2 wizards
  A lindwurm (Lair:4)
  3 necromancers (Lair:5)
  2 deep elf pyromancers
  2 wolf spiders (Spider:1)
  7 orc sorcerers (Orc:2)
  18 ugly things
  7 cyclopes
  A manticore (D:12)
  9 elephants
  A demonic crawler (Spider:1)
  5 black mambas
  Maggie (D:7)
  A gargoyle (D:11)
  3 kobold demonologists
  7 cane toads
  An unseen horror (shapeshifter) (D:11)
  2 rime drakes (Lair:1)
  5 komodo dragons
  An efreet (D:14)
  An unseen horror (D:11)
  A freezing wraith (D:11)
  10 trolls
  A polar bear (Lair:5)
  7 tyrant leeches
  A meliai (shapeshifter) (D:13)
  A tarantella (Spider:1)
  5 hornets
  5 blink frogs (Lair:2)
  A centaur simulacrum (D:14)
  16 dream sheep
  4 shadows
  2 culicivoras (Spider:1)
  5 slime creatures
  2 water elementals (D:13)
  11 jumping spiders (Spider:1)
  4 wyverns
  4 wraiths
  57 yaks
  8 vampire mosquitoes
  2 death yak simulacra (Lair:5)
  2 steam dragons (D:8)
  2 basilisks
  7 redbacks
  2 wargs (Orc:2)
  3 acid dragons
  A spectral cane toad (Lair:5)
  11 swamp worms
  15 water moccasins
  Duvessa (D:7)
  2 nameless horrors
  16 orc warriors
  2 swamp drakes
  2 black bears
  2 elephant zombies (Lair:5)
  3 ice beasts
  5 ogres
  11 wolves (Lair:1)
  15 centaurs
  10 boggarts
  A kobold brigand (D:8)
  Blork the orc (D:5)
  14 bullfrogs
  A necrophage (Swamp:2)
  5 scorpions
  3 gnoll sergeants
  5 wights
  Dowan (D:7)
  An elephant simulacrum (Lair:5)
  20 killer bees
  A howler monkey (D:6)
  5 electric eels
  2 jellies
  2 hounds
  10 orc priests
  2 iguanas
  2 hell rats (Lair:4)
  Natasha (thrice) (D:4)
  29 orc wizards
  11 gnolls
  8 river rats (Lair:4)
  9 adders
  A shadow imp (D:6)
  An ufetubus (D:7)
  2 worms
  A dart slug (D:1)
  75 orcs
  8 bats
  8 endoplasms
  6 giant cockroaches
  8 goblins
  10 hobgoblins
  4 jackals (D:1)
  6 quokkas
  9 ball pythons
  3 frilled lizards
  13 kobolds
  8 rats
718 creatures vanquished.

Vanquished Creatures (collateral kills)
  Frances (D:13)
  A dire elephant (Lair:5)
  The ghost of NateTC the Basher, a journeyman GrFi of Ashenzari (Lair:4)
  A centaur warrior (D:11)
  3 death yaks (Lair:4)
  2 two-headed ogres
  A skyshark (Lair:3)
  A spectral anaconda (Lair:5)
  A cyclops (D:11)
  2 elephants (Lair:4)
  A cane toad (Lair:1)
  An efreet (D:13)
  A polar bear (Lair:2)
  2 trolls (D:10)
  15 yaks
  2 vampire mosquitoes
  2 water moccasins
  2 elephant zombies (Lair:5)
  A centaur (D:10)
  4 wolves (Lair:1)
  A wight (D:7)
  A killer bee (D:6)
  A jelly (D:5)
  A sleepcap (D:5)
  An orc wizard (D:12)
  An orc (D:10)
51 creatures vanquished.

Vanquished Creatures (others)
  A hydra (Swamp:4)
  A hornet (Swamp:4)
  A spriggan (Swamp:4)
  A hornet simulacrum (D:14)
  An orc (D:11)
  A kobold (D:8)
  A bush (Lair:3)
  6 fungi
  16 plants
  15 withered plants (Lair:5)
44 creatures vanquished.

Grand Total: 813 creatures vanquished

Notes
Turn   | Place    | Note
-------+----------+-------------------------------------------
     0 | D:1      | voltaire321 the Merfolk Venom Mage began the quest for the
                  | Orb.
     0 | D:1      | Reached XP level 1. HP: 13/13 MP: 3/3
   156 | D:1      | Reached XP level 2. HP: 9/19 MP: 5/5
   247 | D:1      | Reached skill level 3 in Dodging
   417 | D:1      | Reached skill level 1 in Polearms
   583 | D:1      | Reached XP level 3. HP: 25/25 MP: 6/6
  1183 | D:2      | Reached skill level 1 in Fighting
  1254 | D:2      | Found a faded altar of an unknown god.
  1265 | D:2      | Reached XP level 4. HP: 20/32 MP: 3/7
  1418 | D:2      | Found a sparkling altar of Nemelex Xobeh.
  1709 | D:2      | Learned a level 2 spell: Call Imp
  1714 | D:2      | Learned a level 4 spell: Olgreb's Toxic Radiance
  2215 | D:3      | Found a white marble altar of Elyvilon.
  2300 | D:3      | Noticed a centaur
  2362 | D:3      | Killed a centaur
  2363 | D:3      | Reached skill level 1 in Summonings
  2363 | D:3      | Reached XP level 5. HP: 31/38 MP: 3/9
  2867 | D:3      | Reached skill level 1 in Armour
  2976 | D:4      | Noticed Natasha
  2983 | D:4      | Killed Natasha
  2984 | D:4      | Reached skill level 4 in Dodging
  2984 | D:4      | Reached XP level 6. HP: 42/44 MP: 7/10
  3249 | D:4      | Noticed Natasha
  3256 | D:4      | Killed Natasha
  3404 | D:4      | Found a runed translucent door.
  3404 | D:4      | Noticed Darkkill's ghost (novice MiHu)
  3761 | D:4      | Noticed Natasha
  3765 | D:4      | Killed Natasha
  3766 | D:4      | Reached XP level 7. HP: 51/51 MP: 8/11
  4051 | D:5      | Entered Level 5 of the Dungeon
  4685 | D:5      | Noticed Blork the orc
  4696 | D:5      | Killed Blork the orc
  4959 | D:5      | Reached skill level 5 in Dodging
  5250 | D:6      | Noticed a redback
  5251 | D:6      | Found a runed translucent door.
  5282 | D:6      | Reached XP level 8. HP: 40/58 MP: 8/13
  5347 | D:6      | Learned a level 2 spell: Poisonous Vapours
  5412 | D:6      | Reached skill level 5 in Poison Magic
  5609 | D:6      | Found a runed translucent gate.
  5612 | D:6      | Found a runed translucent gate.
  5612 | D:6      | Found a runed translucent gate.
  5706 | D:6      | Found a runed translucent door.
  5724 | D:6      | Found the +9 staff of Olgreb {rPois∞}
  6822 | D:5      | Reached skill level 6 in Dodging
  7062 | D:6      | Reached skill level 5 in Polearms
  7064 | D:6      | Reached XP level 9. HP: 66/66 MP: 10/15
  7343 | D:6      | Identified the scarf of Ughetsa {+Inv, rElec Dex+3}
  7594 | D:6      | Reached skill level 5 in Fighting
  7751 | D:7      | Found a broken altar of Ashenzari.
  7888 | D:7      | Noticed Maggie
  7927 | D:7      | Killed Maggie
  7928 | D:7      | Reached skill level 7 in Dodging
  7928 | D:7      | Reached skill level 5 in Spellcasting
  7931 | D:7      | Reached skill level 1 in Evocations
  8274 | D:7      | Found a staircase to the Ecumenical Temple.
  8291 | Temple   | Entered the Ecumenical Temple
  8521 | Temple   | Became a worshipper of Gozag Ym Sagoz the Greedy
  8640 | D:7      | Found a blossoming altar of Fedhas.
  8675 | D:7      | Reached XP level 10. HP: 65/74 MP: 8/17
  8821 | D:7      | Noticed Duvessa
  8821 | D:7      | Noticed Dowan
  8838 | D:7      | Killed Duvessa
  8840 | D:7      | Killed Dowan
  9201 | D:8      | Learned a level 3 spell: Stone Arrow
  9357 | D:8      | Identified the +9 quarterstaff "Deso" {elec, rN+ Will+}
  9387 | D:8      | Reached skill level 5 in Summonings
  9583 | D:8      | Reached skill level 1 in Conjurations
  9583 | D:8      | Reached skill level 1 in Earth Magic
  9648 | D:8      | Found Avvymmo's Tiny Tomes.
  9719 | D:8      | Reached skill level 8 in Dodging
 10222 | D:9      | Reached XP level 11. HP: 81/81 MP: 11/20
 10405 | D:9      | You fall into a shaft and drop 3 floors!
 10573 | D:12     | Noticed a manticore
 10633 | D:12     | Killed a manticore
 10742 | D:12     | Noticed a boulder beetle
 10759 | D:12     | Killed a boulder beetle
 10958 | D:12     | Noticed a two-headed ogre
 10969 | D:12     | Killed a two-headed ogre
 11324 | D:10     | Entered Level 10 of the Dungeon
 11443 | D:10     | Reached skill level 9 in Dodging
 11528 | D:10     | Found a runed translucent door.
 11701 | D:9      | Identified the staff of fire "Utau" {rF+ rC+ rN++ MP+9
                  | Dex-2}
 11808 | D:9      | Found Bemofew's Armour Shoppe.
 11895 | D:9      | Bought the +0 pair of gloves of the Sea {Rampage Dex+6
                  | Slay+5} for 496 gold pieces
 12250 | D:10     | Found a runed translucent door.
 12263 | D:10     | Found a runed translucent door.
 12295 | D:10     | Found a runed translucent door.
 12405 | D:10     | Found a shimmering blue altar of Sif Muna.
 12472 | D:10     | Noticed a two-headed ogre
 12522 | D:10     | Killed a two-headed ogre
 12688 | D:10     | Reached skill level 5 in Armour
 12688 | D:10     | Reached XP level 12. HP: 24/91 MP: 22/22
 13023 | D:10     | Noticed a boulder beetle
 13034 | D:10     | Learned a level 4 spell: Animate Armour
 13073 | D:10     | Killed a boulder beetle
 13347 | D:10     | Reached skill level 5 in Evocations
 13397 | D:10     | Noticed a two-headed ogre
 13410 | D:10     | Killed a two-headed ogre
 13410 | D:10     | Noticed a two-headed ogre
 13426 | D:10     | Killed a two-headed ogre
 13583 | D:10     | Noticed a tengu warrior
 13594 | D:10     | Killed a tengu warrior
 13624 | D:10     | Noticed a centaur warrior
 13632 | D:10     | Killed a centaur warrior
 13851 | D:10     | Reached skill level 10 in Dodging
 13921 | D:10     | Found a staircase to the Orcish Mines.
 14472 | D:11     | Noticed a two-headed ogre
 14472 | D:11     | Noticed a boulder beetle
 14478 | D:11     | Killed a boulder beetle
 14479 | D:11     | Killed a two-headed ogre
 14566 | D:11     | Noticed a fire dragon
 14789 | D:11     | Noticed a boulder beetle
 14801 | D:11     | Killed a boulder beetle
 14802 | D:11     | Reached XP level 13. HP: 60/99 MP: 18/24
 14931 | D:11     | Found a staircase to the Lair.
 15497 | D:11     | Identified the +1 cloak "Pinubits" {*Corrode Will++}
 15502 | Lair:1   | Entered Level 1 of the Lair of Beasts
 15729 | Lair:1   | Noticed Urug
 15739 | Lair:1   | Killed Urug
 15740 | Lair:1   | Reached skill level 11 in Dodging
 16135 | Lair:1   | Noticed Gastronok
 16140 | Lair:1   | Reached skill level 5 in Conjurations
 16295 | Lair:2   | Identified a scroll of acquirement
 16295 | Lair:2   | Acquired a +0 kite shield of protection
 16312 | Lair:2   | Identified the ring "Kacim" {Wiz rPois Int+5}
 16504 | Lair:2   | Reached skill level 1 in Shields
 16971 | Lair:2   | Found a staircase to the Swamp.
 17450 | Lair:3   | Noticed Nergalle
 17461 | Lair:3   | Killed Nergalle
 17462 | Lair:3   | Reached skill level 10 in Poison Magic
 17730 | Lair:3   | Reached skill level 5 in Shields
 17730 | Lair:3   | Reached XP level 14. HP: 80/108 MP: 26/26
 18351 | Lair:3   | Found a hole to the Spider Nest.
 18659 | Lair:4   | Noticed Sonja
 18667 | Lair:4   | Killed Sonja
 18669 | Lair:4   | Reached XP level 15. HP: 111/114 MP: 27/27
 18830 | Lair:4   | Found a large runed translucent door.
 18830 | Lair:4   | Found a large runed translucent door.
 18834 | Lair:4   | Noticed NateTC's ghost (journeyman GrFi)
 19573 | Lair:4   | Reached skill level 5 in Earth Magic
 19580 | Lair:4   | Reached skill level 1 in Staves
 19580 | Lair:4   | Reached skill level 10 in Summonings
 19720 | Lair:4   | Found a viscous altar of Jiyva.
 19720 | Lair:4   | Found a staircase to the Slime Pits.
 19726 | Lair:4   | Identified the +8 chain mail of Buegin {Int+6 Dex+3}
 20194 | Lair:4   | Killed NateTC's ghost
 20241 | Lair:4   | Learned a level 7 spell: Monstrous Menagerie
 20271 | Lair:5   | Entered Level 5 of the Lair of Beasts
 20739 | Lair:5   | Reached skill level 12 in Dodging
 21405 | Lair:5   | Reached skill level 10 in Fighting
 23095 | Orc:1    | Entered Level 1 of the Orcish Mines
 23216 | Orc:2    | Entered Level 2 of the Orcish Mines
 23292 | Orc:1    | Noticed Jorgrun
 23731 | Orc:2    | Found a radiant altar of Vehumet.
 23731 | Orc:2    | Noticed Erolcha
 23735 | Orc:2    | Killed Erolcha
 23741 | Orc:2    | Found Cajam's Distillery.
 23765 | Orc:2    | Found an ancient bone altar of Kikubaaqudgha.
 23798 | Orc:2    | Paralysed by an orc sorcerer for 2 turns
 23801 | Orc:2    | Reached XP level 16. HP: 108/123 MP: 29/29
 23838 | Orc:2    | Paralysed by an orc sorcerer for 4 turns
 23994 | Orc:2    | Found Qeadan's Book Shoppe.
 24030 | Orc:2    | Found a staircase to the Elven Halls.
 24380 | Orc:2    | Found Jyrch's Antique Armour Emporium.
 24389 | Orc:2    | Paralysed by an ogre mage for 2 turns
 24493 | Orc:2    | Found Zote's Distillery.
 24654 | Orc:1    | Killed Jorgrun
 25288 | D:11     | Identified the ring of Irrepressible Laughter {rCorr Int+4}
 25288 | D:11     | Identified the ring "Nugegal" {Will+ rCorr}
 25820 | D:13     | Noticed Frances
 25835 | D:13     | Killed Frances
 25836 | D:13     | Reached skill level 13 in Dodging
 26679 | D:13     | Noticed Rupert
 26696 | D:13     | Killed Rupert
 27767 | D:14     | Found a gate to the Vaults.
 28189 | D:14     | Found a faded altar of an unknown god.
 28431 | D:15     | Entered Level 15 of the Dungeon
 29021 | Spider:1 | Entered Level 1 of the Spider Nest
 29630 | Swamp:1  | Entered Level 1 of the Swamp
 29736 | Swamp:1  | Reached XP level 17. HP: 110/131 MP: 30/30
 29848 | Swamp:1  | Reached skill level 10 in Spellcasting
 30120 | Swamp:1  | Found a runed translucent gate.
 30120 | Swamp:1  | Found a runed translucent gate.
 30120 | Swamp:1  | Found a runed translucent gate.
 30121 | Swamp:1  | Noticed Mecath's ghost (journeyman SpDe)
 31644 | Swamp:2  | Reached skill level 5 in Staves
 31955 | Swamp:2  | Reached skill level 14 in Dodging
 32018 | Swamp:2  | You are sucked into a shaft and drop 1 floor!
 32380 | Swamp:3  | Identified the +1 leather armour of Yzxevud {rElec Int-3
                  | Dex+8 Slay-3}
 32795 | Swamp:4  | Entered Level 4 of the Swamp
 32816 | Swamp:4  | HP: 4/133 [thorn hunter/volley of thorns (27)]
 32818 | Swamp:4  | Killed from afar by a thorn hunter

Illustrated notes

Levels and vault maps discovered:
D:1:      dpeg_arrival_windows_large_door, layout_loops_ring
D:2:      minmay_angry_zag, layout_loops_ring,
          dreamdust_ecumenical_altar_statues, basic_altar,
          minmay_goblin_kobold_house
D:3:      layout_loops_corners, elyvilon_altar_1, amethyst_killhole
D:4:      layout_gridville, ebering_ghost_reflecting_pool, uniq_natasha
D:5:      layout_basic, uniq_blork_the_orc
D:6:      layout_basic, minmay_guarded_unrand_staff_of_olgreb
D:7:      layout_loops_cross, nicolae_ashenzari_skybound, fedhas_altar_1,
          minmay_temple_entry_overgrown, minmay_crystal_room, uniq_maggie,
          uniq_duvessa
D:8:      layout_basic, nicolae_shop_i_like_small_books_too
D:9:      layout_roguey, serial_shops, nicolae_shop_stone
D:10:     minmay_quarter_circles, layout_small_grid, led_sif_book, erik_orc_1,
          minmay_statue_crystal_thing
D:11:     minmay_the_grid_4x2 [minmay_the_grid_empty, minmay_the_grid_slots,
          minmay_the_grid_dragon_a, minmay_the_grid_box_x,
          minmay_the_grid_broken_lines, minmay_the_grid_rooms,
          minmay_the_grid_minigrid_large,
          minmay_the_grid_prize_shrinking_boxes], layout_small_grid,
          lair_entry_dummy
D:12:     layout_rooms, minmay_diced_spiral
D:13:     layout_basic, uniq_frances, uniq_rupert
D:14:     layout_irregular_city, lightli_vaults_fourway_checkpoint,
          serial_column_ruins, column_ruins_temple_hall,
          column_ruins_courtyard_long, column_ruins_open_medium,
          column_ruins_open_small, column_ruins_grid_1, column_ruins_grid_1,
          column_ruins_columns_corner, column_ruins_grid_3, abandoned_shop,
          serial_park_tiny_pond
D:15:     hangedman_depths_entry_try_elsewhere_first, layout_cave_pools,
          nicolae_uskayaw_murder_on_the_dancefloor
Temple:   mainiacjoe_temple_bowtie_tessellation
Lair:1:   layout_gridlike, infiniplex_staircase_pool_2, uniq_urug,
          uniq_gastronok
Lair:2:   layout_regular_city, nicolae_swamp_entry_splash_gauntlet
Lair:3:   layout_roguey, dummy_spider_entry, grunt_forest_small_clearings,
          grunt_megastairs_2, uniq_nergalle
Lair:4:   layout_layer_cave, slime_entry_1, ebering_ghost_disaster_area,
          kennysheep_rathole, uniq_sonja
Lair:5:   due_jungle_book, layout_cave_pods
Swamp:1:  layout_basic_swamp, gammafunk_ghost_hydra_chop,
          evilmike_swamp_ruin_house_4
Swamp:2:  layout_basic_swamp, nicolae_swamp_some_circles
Swamp:3:  layout_basic_swamp, evilmike_swamp_ruin_rubble_2,
          infiniplex_staircase_pool
Swamp:4:  swamp_icy, layout_basic_swamp, swamp_pool4
Spider:1: nicolae_spider_jumping_over_cracks [nicolae_spider_jumping_sub_offset,
          nicolae_spider_jumping_sub_pools, nicolae_spider_jumping_sub_notch,
          nicolae_spider_jumping_sub_lake], nicolae_crawler_farm, uniq_nikola,
          uniq_louise
Orc:1:    layout_caves, nicolae_orc_tapped_out, uniq_jorgrun
Orc:2:    kennysheep_orc_mage_school, layout_diamond_mine, basic_altar

Skill      XL: |  1  2  3  4  5  6  7  8  9 10 11 12 13 14 15 16 17 |
---------------+----------------------------------------------------+-----
Dodging        | 3 4 5 6 7 8 9 10 11 12 13 14 | 14.0
Polearms       | 1 2 3 5 6 |  6.0
Fighting       | 1 2 3 4 5 6 7 8 9 10 11 | 11.8
Transmutations | 2 |  2.0
Summonings     | 1 2 3 4 5 6 7 9 10 11 | 11.7
Poison Magic   | 4 5 6 7 8 9 10 | 10.0
Armour         | 1 2 3 4 5 6 |  6.9
Spellcasting   | 3 4 5 6 7 8 9 10 | 10.3
Evocations     | 1 3 4 6 7 8 9 |  9.7
Conjurations   | 2 3 4 5 6 |  6.0
Earth Magic    | 2 3 4 5 6 |  6.0
Shields        | 5 6 7 8 |  8.5
Staves         | 2 4 5 |  5.3
Stealth        | |  2.6

Action                     |  1- 3 |  4- 6 |  7- 9 | 10-12 | 13-15 | 16-18 || total
---------------------------+-------+-------+-------+-------+-------+-------++-------
  Melee: Spear             |    85 |   118 |   106 |       |       |       ||   309
         Unarmed           |     8 |       |       |       |       |       ||     8
         Punch             |     1 |     1 |     5 |     2 |       |       ||     9
         Staff             |       |       |    43 |   248 |   612 |   669 ||  1572
         Tailslap          |       |       |       |       |     1 |       ||     1
  Throw: Dart              |       |     3 |       |       |     2 |       ||     5
   Cast: Sting             |    29 |    45 |    70 |    14 |       |       ||   158
         Call Imp          |       |     6 |    17 |    21 |     5 |     3 ||    52
         Olgreb's Toxic Ra |       |       |    12 |    46 |    44 |    40 ||   142
         Poisonous Vapours |       |       |     7 |    18 |     6 |     3 ||    34
         Stone Arrow       |       |       |       |    52 |    45 |    33 ||   130
         Animate Armour    |       |       |       |    13 |    25 |     1 ||    39
 Invoke: Call Merchant     |       |       |       |       |     1 |     1 ||     2
    Use: Potion            |       |     1 |       |     1 |     3 |     5 ||    10
         Scroll            |       |       |    16 |    10 |    11 |     3 ||    40
   Stab: Sleeping          |     6 |     8 |       |       |     6 |       ||    20
         Distracted        |       |     1 |     2 |     5 |     7 |    10 ||    25
         Confused          |       |       |       |       |       |     1 ||     1
 Armour: Robe              |    14 |    14 |    51 |       |       |       ||    79
         Steam dragon scal |       |       |     9 |    45 |    83 |       ||   137
         Chain mail        |       |       |       |       |   155 |   374 ||   529
  Dodge: Dodged            |    61 |    60 |   153 |   247 |   502 |   468 ||  1491
  Block: Kite shield       |       |       |       |       |   334 |   529 ||   863

Table legend: (Time is in decaauts)
 A = Elapsed time spent in this place.
 B = Non-inter-level travel time spent in this place.
 C = Inter-level travel time spent in this place.
 D = Time resting spent in this place.
 E = Time spent auto-exploring this place.
 F = Levels seen in this place.
 G = Mean time per level.
                   A        B        C        D        E       F      G
               +--------+--------+--------+--------+--------+-----+--------+
         Total |  32965 |  31437 |   1528 |   9932 |  13389 |  28 | 1177.3 |
       Dungeon |  19343 |  18358 |    985 |   5599 |   8441 |  15 | 1289.5 |
        Temple |    254 |    201 |     53 |      0 |    188 |   1 |  254.0 |
          Lair |   7991 |   7640 |    351 |   2280 |   3156 |   5 | 1598.2 |
         Swamp |   3066 |   3066 |      0 |   1481 |    830 |   4 |  766.5 |
   Spider Nest |    307 |    307 |      0 |     97 |     32 |   1 |  307.0 |
  Orcish Mines |   2002 |   1865 |    137 |    475 |    740 |   2 | 1001.0 |
               +--------+--------+--------+--------+--------+-----+--------+

Top non-repeatable levels by time:
  Lair:5: 2448 daAuts
    D:10: 2427 daAuts
  Lair:4: 2005 daAuts
     D:6: 1896 daAuts
    D:11: 1875 daAuts
     D:5: 1633 daAuts
    D:13: 1619 daAuts
  Lair:3: 1399 daAuts
  Lair:2: 1374 daAuts
 Swamp:2: 1352 daAuts
    D:14: 1330 daAuts
     D:7: 1330 daAuts
     D:9: 1172 daAuts
   Orc:2: 1168 daAuts
    D:12: 1121 daAuts
